 Dungeon Crawl Stone Soup version 0.31-a0-1343-gcd514f47d3 (webtiles) character file.

Game seed: 5629725075475209717

196 James the Sneak (level 5, -7/25 HPs)
             Began as a Vine Stalker Enchanter on Dec 22, 2023.
             Mangled by a sleepcap (16 damage)
             ... on level 3 of the Dungeon.
             The game lasted 00:10:23 (2800 turns).

James the Sneak (Vine Stalker Enchanter)            Turns: 2800, Time: 00:10:23

Health: -7/25      AC:  4    Str: 11    XL:     5   Next: 74%
Magic:  0/10       EV:  2    Int: 21    God:
Gold:   139        SH:  0    Dex: 16    Spells: 2/10 levels left

rFire   . . .        a - +1 dagger
rCold   . . .        (no shield)
rNeg    . . .        b - +0 robe
rPois   .            o - +0 helmet
rElec   .            H - +0 cloak
rCorr   .            (no gloves)
SInv    .            (no boots)
Will    .....        n - amulet of the acrobat
Stlth   +++          j - +6 ring of intelligence
HPRegen 1.04/turn    (no ring)
MPRegen 0.12/turn

%: acrobat, guardian spirit
@: sleeping
A: fangs 2, regeneration 1, magic shield, antimagic bite, no potion heal 2
a: no special abilities


You were on level 3 of the Dungeon.
You visited 1 branch of the dungeon, and saw 4 of its levels.

You collected 139 gold pieces.

Inventory:

Hand Weapons
 a - a +1 dagger (weapon)
 l - a +0 short sword
   (You took it off a kobold on level 1 of the Dungeon)
 C - a +0 sling
   (You took it off an orc on level 3 of the Dungeon)
Missiles
 k - 19 stones
 s - 15 poisoned darts (quivered)
 E - 3 boomerangs
Armour
 b - a +0 robe (worn)
 e - a +0 ring mail
   (You found it on level 1 of the Dungeon)
 f - a +0 robe
   (You found it on level 1 of the Dungeon)
 h - a +0 leather armour
   (You found it on level 1 of the Dungeon)
 i - a +0 ring mail
   (You found it on level 1 of the Dungeon)
 o - a +0 helmet (worn)
   (You found it on level 1 of the Dungeon)
 u - a +0 ring mail
   (You took it off Terence on level 2 of the Dungeon)
 w - a +0 ring mail
   (You found it on level 2 of the Dungeon)
 y - a +0 scale mail
   (You took it off an orc on level 2 of the Dungeon)
 z - a +0 robe
   (You found it on level 3 of the Dungeon)
 A - a +0 scale mail
   (You took it off an orc on level 3 of the Dungeon)
 B - a +0 robe
   (You took it off an orc wizard on level 3 of the Dungeon)
 D - a +0 chain mail
   (You found it on level 3 of the Dungeon)
 G - a +0 leather armour
   (You found it on level 3 of the Dungeon)
 H - a +0 cloak (worn)
   (You found it on level 3 of the Dungeon)
Jewellery
 j - a +6 ring of intelligence (left hand)
   (You found it on level 1 of the Dungeon)
 n - an amulet of the acrobat (around neck)
   (You found it on level 1 of the Dungeon)
Talismans
 v - a serpent talisman
   (You found it on level 2 of the Dungeon)
Scrolls
 d - 2 scrolls of enchant weapon {unknown}
 g - 2 scrolls of blinking {unknown}
 m - 2 scrolls of revelation {unknown}
 p - a scroll of teleportation {unknown}
 q - 2 scrolls of noise {!r}
 r - a scroll of torment {unknown}
 t - a scroll of vulnerability {unknown}
 x - a scroll of silence {unknown}
Potions
 c - 2 potions of invisibility
 F - a potion of curing {unknown}


   Skills:
 - Level 1.0 Fighting
 + Level 3.2 Short Blades
 - Level 2.0 Dodging
 - Level 5.0 Stealth
 - Level 3.0 Spellcasting
 - Level 3.0 Hexes
 - Level 1.0 Ice Magic


You had 2 spell levels left.
You knew the following spells:

 Your Spells              Type           Power      Damage    Failure   Level
a - Confusing Touch       Hex            15%        N/A       12%         3
d - Tukima's Dance        Hex            15%        N/A       12%         3
x - Ensorcelled Hibernat  Hex/Ice        22%        N/A       9%          2

Your spell library contained the following spells:

 Spells                   Type           Power      Damage    Failure   Level
 Summon Small Mammal      Summ           12%        N/A       13%         1
 Dazzling Flash           Conj/Hex       18%        N/A       22%         3
 Summon Guardian Golem    Hex/Summ       9%         N/A       22%         3
 Call Canine Familiar     Summ           3%         N/A       36%         3


Dungeon Overview and Level Annotations

Branches:
Dungeon (4/15)
 Temple: D:4-7

Altars:

Shops:
D:3 [=[

Annotations:
D:2 1 runed translucent door, Crazy Yiuf
D:3 exclusion: 4 goblins


Innate Abilities, Weirdness & Mutations

You have extremely sharp teeth.
Your natural rate of healing is unusually fast.
When hurt, damage is shared between your health and your magic reserves.
Your bite disrupts and absorbs the magic of your enemies.
Potions cannot restore your health.


Message History

You kill the orc!
You see here a +0 falchion.
A jackal, a sleepcap and an orc priest come into view.
The orc priest shouts!
You hear a bark!
The jackal barks!
You hear a bark!
You hear a bark!
The jackal completely misses you. The jackal attacks as it pursues you!
The jackal completely misses you. The jackal completely misses you.
You see here a +0 falchion.
The jackal attacks as it pursues you! The jackal completely misses you.
There is a stone staircase leading up here.
You hit the jackal.
You kill the jackal!
The orc priest miscasts a cantrip.
You hit the sleepcap. You bite the sleepcap. You drain its power.
The orc priest casts a cantrip, but nothing happens.
The sleepcap closely misses you.
You climb upwards.
Level annotation: exclusion: 4 goblins
There is a stone staircase leading down here.
You hit the sleepcap.
You bite the sleepcap, but do no damage.
The sleepcap releases spores at you.
You hit the sleepcap. You bite the sleepcap. You drain its power.
The sleepcap completely misses you.
You hit the sleepcap. You bite the sleepcap. You drain its power.
The sleepcap releases spores at you.
You are engulfed in a cloud of soporific spores!
You fall asleep.
You wake up.
You hit the sleepcap but do no damage. You punch the sleepcap.
You bite the sleepcap, but do no damage.
The sleepcap releases spores at you.
You completely miss the sleepcap. The sleepcap releases spores at you.
You are engulfed in a cloud of soporific spores!
You are unaffected.
You hit the sleepcap.
You bite the sleepcap, but do no damage.
The sleepcap releases spores at you!
* * * LOW HITPOINT WARNING * * *
You hit the sleepcap but do no damage. You hit the sleepcap.
You bite the sleepcap, but do no damage.
The sleepcap releases spores at you.
* * * LOW HITPOINT WARNING * * *
You are engulfed in a cloud of soporific spores!
You fall asleep.
The sleepcap releases spores at you!!
Ouch! That really hurt!
You die...

.......#.##.####...#.#....##.#
.......#...............#.###.#
.......#####.###...##..#.# #.#
.......# #.#####.....#.# #.#
####.#.# #....##.....#.# #.#
####.#.# ####.##.....#.# #.#
.....#.# #####.##...#.#.# #.#
######.####..........#.#.# #.#
#....'....f@#...#.#.###.#
g8#########....###...#.......#
g.#..........### #######.#####
g8#.########.# #.# ..#.# #.#
########.# .8#.# #.#
#.....##.# ..#.# #.#
#.....##.# .8#.########.#
#.....##'## ...........#.#
#.........#


You could see a sleepcap.

Vanquished Creatures
  A jelly (D:3)
  An orc priest (D:3)
  An orc wizard (D:3)
  Terence (D:2)
  2 adders
  A worm (D:3)
  A dart slug (D:2)
  5 orcs
  5 ball pythons
  4 endoplasms
  A giant cockroach (D:1)
  3 hobgoblins
  15 jackals
  5 kobolds
  2 quokkas
  5 frilled lizards
  3 goblins
  3 rats
59 creatures vanquished.

Notes
Turn   | Place    | Note
-------+----------+-------------------------------------------
     0 | D:1      | James the Vine Stalker Enchanter began the quest for the
                  | Orb.
     0 | D:1      | Reached XP level 1. HP: 9/9 MP: 4/4
    63 | D:1      | Reached skill level 1 in Short Blades
   224 | D:1      | Reached XP level 2. HP: 13/13 MP: 6/6
   567 | D:1      | Reached skill level 4 in Stealth
   631 | D:1      | Learned a level 2 spell: Ensorcelled Hibernation
  1024 | D:1      | Reached XP level 3. HP: 12/16 MP: 7/7
  1176 | D:2      | Found Lelooll's Weapon Boutique.
  1239 | D:2      | Noticed Terence
  1281 | D:2      | Killed Terence
  1282 | D:2      | Reached skill level 1 in Ice Magic
  1282 | D:2      | Reached XP level 4. HP: 21/21 MP: 4/9
  1575 | D:2      | Found a runed translucent door.
  1576 | D:2      | Noticed Crazy Yiuf
  1654 | D:2      | Learned a level 3 spell: Confusing Touch
  1658 | D:2      | Learned a level 3 spell: Tukima's Dance
  1787 | D:3      | Reached skill level 1 in Fighting
  1808 | D:3      | Reached XP level 5. HP: 22/25 MP: 7/10
  2014 | D:3      | Found Lyicix's Armour Boutique.
  2014 | D:3      | Found Adyfrea's Armour Emporium.
  2419 | D:3      | Found Cuizynin's Jewellery Shoppe.
  2497 | D:3      | Reached skill level 5 in Stealth
  2800 | D:3      | Mangled by a sleepcap

Illustrated notes

Levels and vault maps discovered:
D:1:      dpeg_arrival_houses_and_road, layout_basic
D:2:      layout_basic, serial_shops, nicolae_lakefront_shop, minmay_ruptured,
          uniq_terence, uniq_crazy_yiuf_cottage
D:3:      kennysheep_the_goblin_king, layout_basic, serial_shops, shop, shop,
          nicolae_shop_advertising_works [nicolae_subvault_shop_adworks]
D:4:      minmay_chambers_of_threes, layout_loops_ring,
          nicolae_wu_jian_glorious_leap, minmay_temple_entry_large_hall

Skill      XL: |  1  2  3  4  5 |
---------------+----------------+-----
Short Blades   | 1 2 3 |  3.2
Stealth        | 4 5 |  5.0
Ice Magic      | 1 |  1.0
Fighting       | 1 |  1.0
Spellcasting   | 3 |  3.0
Dodging        | 2 |  2.0
Hexes          | |  3.0

Action                     |  1- 3 |  4- 6 || total
---------------------------+-------+-------++-------
  Melee: Dagger            |    86 |   108 ||   194
         Bite              |    18 |    41 ||    59
         Punch             |       |     1 ||     1
  Throw: Dart              |       |     2 ||     2
   Cast: Ensorcelled Hiber |     1 |     3 ||     4
    Use: Scroll            |       |     1 ||     1
   Stab: Sleeping          |     9 |     6 ||    15
 Armour: Robe              |    39 |    55 ||    94
  Dodge: Dodged            |    77 |    60 ||   137

Table legend: (Time is in decaauts)
 A = Elapsed time spent in this place.
 B = Non-inter-level travel time spent in this place.
 C = Inter-level travel time spent in this place.
 D = Time resting spent in this place.
 E = Time spent auto-exploring this place.
 F = Levels seen in this place.
 G = Mean time per level.
                   A        B        C        D        E       F      G
               +--------+--------+--------+--------+--------+-----+--------+
         Total |   2781 |   2602 |    179 |    140 |   1652 |   4 |  695.2 |
       Dungeon |   2781 |   2602 |    179 |    140 |   1652 |   4 |  695.2 |
               +--------+--------+--------+--------+--------+-----+--------+

Top non-repeatable levels by time:
     D:3: 1099 daAuts
     D:1: 1022 daAuts
     D:2: 631 daAuts
     D:4: 28 daAuts
